Map: Solaris LE

Players

chesscaleb - Winner!

  • Race: Protoss Protoss
  • League: Diamond
  • Spawn Location: 1:00

SubN

  • Race: Zerg Zerg
  • League: Diamond
  • Spawn Location: 7:00

VOD

Have the link to the VOD?

Description

Time

  • Played on: Jan. 18, 2024, 6:51 p.m.
  • Length: 13:23
Show
View Real Time Build Order
Export as new Build Order

chesscaleb Protoss - Winner!

Build Orders: Carriers 

Get SALT Encoding   

  12  0:00  Probe  
  13  0:12  Probe  
  14  0:21  Pylon  
  14  0:24  Probe  
  15  0:39  Gateway, Probe (Chrono Boost)  
  17  0:50  Probe (Chrono Boost), Assimilator  
  17  0:55  Probe (Chrono Boost)  
  18  1:05  Probe  
  19  1:17  Probe  
  20  1:26  Cybernetics Core  
  20  1:28  Gateway  
  20  1:31  Probe  
  21  1:34  Assimilator  
  21  1:35  Pylon  
  21  1:43  Probe  
  22  1:55  Probe  
  22  2:00  Adept (Chrono Boost)  
  23  2:07  Probe  
  26  2:16  Nexus  
  26  2:28  Adept  
  30  2:38  Stargate  
  30  2:42  Probe  
  29  2:54  Probe  
  30  3:06  Probe  
  31  3:19  Warp Gate  
  31  3:27  Adept  
  31  3:30  Probe (Chrono Boost), Void Ray (Chrono Boost)  
  31  3:31  Probe (Chrono Boost)  
  39  3:39  Pylon  
  39  3:40  Probe (Chrono Boost), Twilight Council  
  41  3:43  Probe (Chrono Boost)  
  41  3:53  Probe x2  
  43  4:16  Gateway  
  39  4:20  Probe (Chrono Boost)  
  39  4:21  Gateway  
  41  4:24  Assimilator  
  41  4:25  Probe (Chrono Boost)  
  41  4:26  Assimilator  
  41  4:29  Probe (Chrono Boost)  
  44  4:33  Probe (Chrono Boost)  
  44  4:37  Nexus  
  45  4:39  Pylon  
  43  4:46  Resonating Glaives (Chrono Boost)  
  43  4:49  Probe (Chrono Boost)  
  45  4:54  Probe (Chrono Boost)  
  45  4:58  Probe (Chrono Boost)  
  46  5:02  Probe (Chrono Boost)  
  47  5:09  Adept x2  
  47  5:10  Adept  
  51  5:15  Adept  
  51  5:30  Pylon  
  51  5:34  Fleet Beacon, Pylon  
  51  5:36  Pylon, Stargate  
  51  5:41  Adept x2  
  55  5:49  Adept x2  
  59  5:51  Protoss Air Weapons Level 1 (Chrono Boost)  
  59  5:59  Probe x3  
  59  6:02  Adept x2  
  66  6:31  Carrier (Chrono Boost)  
  66  6:39  Carrier (Chrono Boost)  
  78  6:44  Probe (Chrono Boost)  
  81  6:50  Probe x2 (Chrono Boost)  
  81  6:54  Probe (Chrono Boost)  
  82  6:57  Probe (Chrono Boost)  
  82  6:58  Probe (Chrono Boost)  
  82  7:01  Pylon  
  84  7:04  Pylon  
  84  7:07  Pylon, Probe  
  86  7:08  Probe x2  
  87  7:19  Probe  
  94  7:23  Carrier (Chrono Boost)  
  94  7:29  Charge  
  100  7:33  Carrier (Chrono Boost)  
  100  7:38  Probe x3  
  100  7:41  Assimilator  
  100  7:43  Assimilator  
  103  7:47  Zealot  
  103  7:50  Probe  
  106  8:10  Protoss Air Weapons Level 2 (Chrono Boost)  
  106  8:23  Forge  
  106  8:32  Probe x2 (Chrono Boost)  
  106  8:33  Probe (Chrono Boost)  
  101  8:44  Probe (Chrono Boost)  
  104  8:50  Probe x2 (Chrono Boost)  
  104  8:52  Gateway, Probe (Chrono Boost)  
  104  8:53  Gateway  
  104  8:54  Gateway x2  
  105  8:56  Gateway, Probe x2 (Chrono Boost)  
  105  8:57  Gateway  
  105  8:58  Gateway, Probe  
  105  9:00  Gateway  
  108  9:03  Templar Archives  
  108  9:06  Photon Cannon  
  108  9:07  Photon Cannon  
  108  9:08  Probe x2  
  110  9:10  Photon Cannon  
  110  9:15  Probe  
  111  9:18  Pylon  
  111  9:20  Probe x2  
  111  9:21  Pylon  
  111  9:23  Pylon  
  113  9:26  Pylon  
  113  9:27  Probe  
  114  9:32  Probe  
  115  9:54  High Templar x5  
  115  9:55  High Templar x3  
  131  10:00  Archon x3  
  131  10:02  Archon  
  131  10:10  Pylon  
  131  10:12  Pylon  
  131  10:13  Forge  
  131  10:15  Carrier (Chrono Boost)  
  137  10:21  Carrier (Chrono Boost)  
  137  10:24  Pylon  
  137  10:25  Pylon  
  119  10:29  Probe (Chrono Boost)  
  119  10:34  Probe (Chrono Boost)  
  119  10:35  Probe (Chrono Boost)  
  121  10:38  Probe (Chrono Boost)  
  121  10:42  Probe x2 (Chrono Boost)  
  124  10:52  Gateway  
  124  10:53  Gateway, Probe x2  
  124  10:56  Gateway  
  126  10:58  Gateway  
  126  11:00  High Templar x7  
  126  11:01  Gateway  
  140  11:23  Archon x3  
  140  11:25  Zealot x5  
  104  11:55  Zealot x7  
  104  11:56  Zealot x5  
  120  12:11  Forge  
  108  12:30  Zealot x7  
  108  12:31  Zealot x7  
  108  12:58  High Templar x5  
  108  12:59  High Templar, Zealot x6  
  108  13:05  Archon  
  122  13:06  Archon x2  
Show
View Real Time Build Order
Export as new Build Order

SubN Zerg 

Build Orders: Pool First 

Get SALT Encoding   

  12  0:00  Drone  
  13  0:12  Overlord  
  13  0:16  Drone  
  14  0:30  Drone x2  
  14  0:34  Drone  
  17  0:43  Extractor  
  17  0:46  Spawning Pool  
  17  0:49  Drone  
  16  1:11  Hatchery  
  15  1:20  Drone x2  
  15  1:23  Drone  
  18  1:37  Queen  
  20  1:40  Zergling x2  
  20  1:44  Zergling x2  
  22  1:52  Metabolic Boost  
  22  2:00  Overlord  
  22  2:15  Overlord  
  22  2:29  Drone  
  23  2:35  Drone x3  
  25  3:02  Queen  
  25  3:03  Drone x3  
  25  3:04  Drone x3  
  33  3:05  Lair  
  33  3:07  Drone  
  33  3:13  Drone  
  34  3:25  Extractor  
  33  3:27  Drone  
  33  3:28  Hatchery  
  34  3:34  Drone  
  34  3:36  Drone  
  34  3:37  Baneling Nest, Drone  
  34  3:40  Zergling x2  
  36  3:42  Zergling x2  
  37  3:50  Zergling x2  
  37  3:51  Zergling x6  
  41  3:56  Queen  
  40  4:20  Overlord  
  40  4:21  Overlord x2  
  40  4:32  Spire  
  40  4:35  Overlord x2  
  39  4:38  Queen  
  39  4:39  Queen  
  39  4:41  Centrifugal Hooks  
  39  4:44  Zergling x6  
  46  4:49  Queen  
  48  4:55  Overseer  
  48  4:58  Drone  
  48  4:59  Drone x2  
  51  5:02  Drone  
  51  5:16  Drone x7  
  55  5:36  Extractor  
  55  5:37  Extractor  
  53  5:43  Overlord x2  
  53  5:44  Overlord  
  53  5:46  Zerg Flyer Weapons Level 1  
  53  5:53  Drone x2  
  53  5:56  Roach Warren  
  53  5:57  Drone x3  
  56  5:58  Drone x3, Evolution Chamber  
  56  5:59  Evolution Chamber  
  58  6:09  Mutalisk x2  
  62  6:20  Mutalisk  
  62  6:27  Mutalisk  
  62  6:30  Zergling x12  
  70  6:49  Mutalisk  
  70  6:50  Mutalisk  
  70  6:53  Drone x15  
  89  7:05  Mutalisk  
  89  7:06  Mutalisk  
  93  7:10  Overseer  
  93  7:14  Overseer  
  93  7:21  Drone x5  
  98  7:24  Extractor  
  98  7:25  Overlord x2  
  98  7:26  Extractor  
  96  7:33  Drone x2  
  98  7:46  Zerg Flyer Weapons Level 2  
  98  7:49  Mutalisk x2  
  102  7:52  Zergling x6  
  102  7:53  Zergling x8  
  109  8:01  Mutalisk x2  
  109  8:04  Overlord x2  
  109  8:05  Overlord x4  
  113  8:07  Drone  
  114  8:21  Hatchery  
  104  8:42  Corruptor x6  
  112  8:49  Infestation Pit  
  111  9:01  Corruptor x2  
  115  9:05  Extractor  
  115  9:06  Baneling  
  115  9:07  Baneling x5, Extractor  
  115  9:08  Baneling  
  113  9:13  Drone x3  
  113  9:14  Drone x3  
  113  9:15  Drone x6  
  125  9:23  Zerg Melee Weapons Level 1  
  125  9:24  Zerg Ground Armor Level 1  
  125  9:33  Zergling x6  
  128  9:39  Queen  
  128  9:41  Drone x7  
  135  10:07  Hive  
  135  10:08  Corruptor  
  135  10:09  Corruptor x6  
  143  10:31  Zergling x20  
  143  10:32  Zergling x2  
  143  10:34  Pneumatized Carapace  
  151  10:36  Corruptor x4  
  159  10:52  Baneling x11  
  159  10:53  Baneling x2  
  159  10:54  Overlord x3  
  159  10:55  Overlord x3  
  159  10:57  Overseer x2  
  159  10:58  Overseer, Spine Crawler  
  159  10:59  Overseer, Spine Crawler x2  
  159  11:03  Zerg Flyer Armor Level 1  
  156  11:08  Roach  
  125  11:28  Roach  
  125  11:29  Roach x17  
  125  11:30  Roach  
  161  11:39  Roach x2  
  173  11:40  Roach x6  
  173  11:45  Zergling x2  
  151  12:02  Roach x7  
  162  12:20  Zergling x2  
  162  12:21  Zergling x16  
  168  12:23  Hatchery  
  157  12:33  Zergling x8  
  135  12:51  Zergling x2  
  135  12:52  Zergling x16  
  136  13:02  Roach  
  136  13:03  Roach x2  
Tags
 
Composition
Carriers
Matchup
PvZ
Opening
Pool First
Replay Pack
2025 replay dump
Spawn Locations
Cross Positions
Add a new tag
Caveats
  • Supply blocks, unpowered buildings, or Contaminate may cause inaccurate times.
  • Supply counts are checked every 10 seconds.